 Dungeon Crawl Stone Soup version 0.32-a0-872-g59262bdc9b (webtiles) character file.

Game seed: 8998876548469087617

152 Ruich the Ruffian (level 5, -4/47 HPs)
             Began as a Troll Chaos Knight on Mar 31, 2024.
             Was a Plaything of Xom.
             Slain by a chaos spawn (10 damage)
             ... summoned by Xom
             ... on level 4 of the Dungeon.
             The game lasted 00:03:32 (2237 turns).

Ruich the Ruffian (Troll Chaos Knight)              Turns: 2237, Time: 00:03:33

Health: -4/47      AC:  6    Str: 18    XL:     5   Next: 11%
Magic:  4/4        EV:  9    Int:  8    God:    Xom [..*...]
Gold:   196        SH:  0    Dex: 11    Spells: 4/4 levels left

rFire   . .          .
                       - Unarmed
rCold   . . .        (no shield)
rNeg    . . .        a - +2 robe
rPois   .            (helmet restricted)
rElec   .            (no cloak)
rCorr   .            (gloves unavailable)
SInv    .            (boots unavailable)
Will    .....        (no amulet)
Stlth   +            (no ring)
HPRegen 1.07/turn    (no ring)
MPRegen 0.09/turn

%: clarity
@: lethally poisoned (-4 -> -14), weakened
A: large, unfitting armour, claws 3, regeneration 1, shaggy fur 1, tough skin 1,
horns 1, clarity, frail 1, weak 1, subdued magic 1
a: Renounce Religion


You were on level 4 of the Dungeon.
You worshipped Xom.
You were a toy of Xom.
You visited 1 branch of the dungeon, and saw 4 of its levels.

You collected 196 gold pieces.


Innate Abilities, Weirdness & Mutations

You are too large for most types of armour.
You have claws for hands.
Your natural rate of healing is unusually fast.
You are covered in fur. (AC +1)
You have tough skin. (AC +1)
You have a pair of small horns on your head.
You possess an exceptional clarity of mind.
You are frail. (-10% HP)
You are weak. (Str -2)
Your spells are a little easier to cast, but a little less powerful.


   Skills:
 + Level 3.4 Fighting
 - Level 1.9 Dodging
 * Level 5.1 Unarmed Combat


You had 4 spell levels left.
You didn't know any spells.
Your spell library contained the following spells:

 Spells                   Type           Power      Damage    Failure   Level
 Cause Fear               Hex            0%         N/A       99%         4
 Flame Wave               Conj/Fire      0%         2d4       99%         4
 Ignite Poison            Fire/Alch      0%         N/A       99%         4
 Sticky Flame             Fire/Alch      0%         2d4       99%         4
 Fireball                 Conj/Fire      0%         3d3       100%        5
 Dragon's Call            Summ           0%         N/A       100%        9
 Fire Storm               Conj/Fire      0%         5d1       100%        9

Inventory:

Armour
 a - a +2 robe (worn)
Scrolls
 b - a scroll of butterflies
 d - a scroll of poison
 e - a scroll of summoning {unknown}
 h - a scroll of fog {unknown}
 j - a scroll of blinking
 k - a scroll of noise {unknown}
 m - 2 scrolls of teleportation {unknown}
Potions
 f - a potion of haste {@q3}
 g - 3 potions of attraction
 i - a potion of berserk rage {unknown}
 l - a potion of enlightenment
 n - a potion of mutation {unknown}

Dungeon Overview and Level Annotations

Branches:
Dungeon (4/15) Zot: 21770
 Temple: D:4-7

Altars:

######### ### .........
..# .......# #.# #.g##.#
#.# ###..##.# #.#
...$.##.########)########
P....##.##.......4.......
.......gg..##.#.4....)...
####.##.#####..4@########
####.##.# ##.#.#
........######.#<#
####.............#
...........#######
#########.## .# .. ##


You could see an orange demon (summoned), a hellwing (summoned) and a chaos
spawn (summoned).


Message History

Things that are here:
a +0 spear of venom; a gnoll corpse The gnoll closely misses you.
You scratch the gnoll. Your claw misses the gnoll.
The gnoll is heavily wounded.
You scratch the gnoll but do no damage.
The gnoll is heavily wounded. "Let's see if it's strong enough to survive yet."
You are now a toy of Xom.
The gnoll misses you.
You scratch the gnoll but do no damage.
The gnoll is moderately wounded.
You claw the gnoll!
You kill the gnoll!
The chaos spawn barely misses you. The orange demon stings you from afar.
You are poisoned.
The orange demon poisons you!
Unknown command.
You feel extremely sick. The chaos spawn closely misses you.
The orange demon stings you from afar!
* * * LOW HITPOINT WARNING * * *
Unknown command.
You feel very sick. The orange demon closely misses you.
* * * LOW HITPOINT WARNING * * *
You feel your attacks grow feeble. The chaos spawn gores you!
* * * LOW HITPOINT WARNING * * *
You are engulfed in flames!
You die...

Skill      XL: |  1  2  3  4 |
---------------+-------------+-----
Unarmed Combat | 4 5 |  5.1
Fighting       | 3 |  3.4
Dodging        | |  1.9

Action                     |  1- 3 |  4- 6 || total
---------------------------+-------+-------++-------
  Melee: Unarmed           |    92 |    46 ||   138
         Headbutt          |     6 |     8 ||    14
         Punch             |     1 |       ||     1
    Use: Scroll            |       |     5 ||     5
   Stab: Sleeping          |       |     2 ||     2
 Armour: Robe              |    41 |    45 ||    86
  Dodge: Dodged            |    50 |    21 ||    71

Levels and vault maps discovered:
D:1:      lightli_molten_gateway, layout_basic, serial_bayou,
          serial_bayou_ford_a, serial_bayou_lagoon_b, serial_bayou_pond_b,
          serial_bayou_pond_e, nicolae_twisty_statue_hallways
D:2:      minmay_recursive_quarters, layout_loops_cross,
          hellmonk_ecumenical_altar_heavens_door, minmay_cut_off
D:3:      layout_rooms, kennysheep_generic_room_10
D:4:      layout_loops_ring, mainiacjoe_overflow_boulevard, pf_just_have_faith,
          minmay_temple_entry_nine_rooms, uniq_sigmund

Notes
Turn   | Place    | Note
-------+----------+-------------------------------------------
     0 | D:1      | Ruich the Troll Chaos Knight began the quest for the Orb.
     0 | D:1      | Reached XP level 1. HP: 22/22 MP: 0/0
    16 | D:1      | XOM: silly message
   253 | D:1      | XOM: give mutations
   253 | D:1      | Gained mutation: You have a pair of small horns on your
                  | head. [Xom's mischief]
   253 | D:1      | Gained mutation: Your spells are a little easier to cast,
                  | but a little less powerful. [Xom's mischief]
   270 | D:1      | Reached XP level 2. HP: 29/29 MP: 1/1
   550 | D:1      | XOM is BORED!
   564 | D:1      | XOM: stat loss: -1 Int (7/8)
   869 | D:2      | XOM: 1-stop teleportation journey
   929 | D:2      | XOM: confuse monster(s)
   942 | D:2      | Reached XP level 3. HP: 34/36 MP: 2/2
   949 | D:2      | Reached skill level 4 in Unarmed Combat
   962 | D:2      | Reached skill level 3 in Fighting
   981 | D:2      | Identified the +0 leather armour of Reason {rPois rC-
                  | Regen+ rCorr}
  1337 | D:2      | XOM: god gift: Nuli's Lectures on the Pyre {god gift}
  1338 | D:2      | Reached XP level 4. HP: 43/45 MP: 3/3
  1350 | D:2      | Got Nuli's Lectures on the Pyre {god gift}
  1542 | D:3      | XOM: give mutations
  1542 | D:3      | Gained mutation: You are weak. (Str -2) [Xom's mischief]
  1542 | D:3      | Gained mutation: You are frail. (-10% HP) [Xom's mischief]
  1542 | D:3      | Gained mutation: You possess an exceptional clarity of
                  | mind. [Xom's mischief]
  1549 | D:3      | XOM: stat loss: -1 Str (17/18)
  2112 | D:4      | Reached skill level 5 in Unarmed Combat
  2112 | D:4      | Reached XP level 5. HP: 40/47 MP: 4/4
  2233 | D:4      | XOM: summons 3 hostile demons
  2234 | D:4      | Noticed an orange demon
  2234 | D:4      | Noticed a hellwing
  2234 | D:4      | Noticed a chaos spawn
  2237 | D:4      | Slain by a chaos spawn

Vanquished Creatures
  An iguana (D:4)
  3 gnolls
  3 adders (D:2)
  3 dart slugs
  3 ribbon worms (D:2)
  An orc (D:2)
  3 ball pythons
  3 endoplasms
  3 giant cockroaches
  6 goblins
  3 hobgoblins (D:2)
  2 jackals (D:3)
  4 kobolds
  5 quokkas
  2 bats (D:2)
  4 frilled lizards
  9 rats
58 creatures vanquished.

Table legend: (Time is in decaauts)
 A = Elapsed time spent in this place.
 B = Non-inter-level travel time spent in this place.
 C = Inter-level travel time spent in this place.
 D = Time resting spent in this place.
 E = Time spent auto-exploring this place.
 F = Levels seen in this place.
 G = Mean time per level.
                   A        B        C        D        E       F      G
               +--------+--------+--------+--------+--------+-----+--------+
         Total |   2228 |   2179 |     49 |    213 |   1571 |   4 |  557.0 |
       Dungeon |   2228 |   2179 |     49 |    213 |   1571 |   4 |  557.0 |
               +--------+--------+--------+--------+--------+-----+--------+

Top non-repeatable levels by time:
     D:1: 820 daAuts
     D:2: 685 daAuts
     D:3: 572 daAuts
     D:4: 150 daAuts

Table legend:
 A = Non-vault XP
 B = Vault XP
 C = Vault XP percentage of total XP
 D = Non-vault monster count
 E = Vault monster count
 F = Vault count percentage of total count
                 A         B        C        D         E       F
            +---------+---------+-------+---------+---------+-------
      Total |     160 |      58 |  26.6 |      40 |      18 |  31.0
            +---------+---------+-------+---------+---------+-------
        D:1 |      19 |       4 |  17.4 |      11 |       3 |  21.4
        D:2 |      39 |      53 |  57.6 |      15 |      14 |  48.3
        D:3 |      33 |       1 |   2.9 |      10 |       1 |   9.1
        D:4 |      69 |       0 |   0.0 |       4 |       0 |   0.0
            +---------+---------+-------+---------+---------+-------
